 Dungeon Crawl Stone Soup version 0.22-a0-392-g5dc3fd9 (webtiles) character file.

8 Kairos the Covered (level 2, 27/27 HPs)
             Began as a Deep Dwarf Fighter on May 1, 2018.
             Quit the game on level 1 of the Dungeon.
             The game lasted 00:01:18 (435 turns).

Kairos the Covered (Deep Dwarf Fighter)              Turns: 435, Time: 00:01:19

Health: 27/27      AC:  8    Str: 19    XL:     2   Next: 0%
Magic:  2/2        EV:  7    Int:  8    God:
Gold:   57         SH:  9    Dex: 12    Spells: 1/1 levels left

rFire    . . .     SeeInvis .   a - +1 war axe
rCold    . . .     Gourm    .   c - +0 shield
rNeg     . . .     Faith    .   b - +0 scale mail
rPois    .         Spirit   .   (no helmet)
rElec    .         Reflect  .   (no cloak)
rCorr    .         Harm     .   g - +0 pair of gloves (curse)
MR       .....                  (no boots)
Stlth    ..........             (no amulet)
HPRegen  0.00/turn              (no ring)
MPRegen  0.08/turn              (no ring)

@: about to teleport, very slightly contaminated, non-regenerating
A: damage resistance, heal wounds, sense surroundings 1, no regeneration
a: Heal Wounds


You were on level 1 of the Dungeon.
You were not hungry.

You visited 1 branch of the dungeon, and saw 1 of its levels.

You collected 57 gold pieces.

Inventory:

Hand Weapons
 a - a +1 war axe (weapon)
 i - a +2 spear of piercing
Armour
 b - a +0 scale mail (worn)
 c - a +0 shield (worn)
 g - a cursed +0 pair of gloves (worn)
Scrolls
 e - a scroll of identify
Potions
 d - a potion of might
 n - a potion of lignification
Comestibles
 f - 3 rations


   Skills:
 + Level 2.8 Fighting
 + Level 2.6 Axes
 + Level 3.4 Armour
 + Level 3.3 Shields


You had one spell level left.
You didn't know any spells.

Dungeon Overview and Level Annotations

Branches:
Dungeon (1/15)

Altars:


Innate Abilities, Weirdness & Mutations

You are resistant to damage.
You can heal yourself by infusing magical energy.
You passively map a small area around you.
You do not regenerate.


Message History

As you read the scroll labeled ILLALE OVYI, it crumbles to dust.
It is a scroll of enchant weapon.
Your +0 war axe glows red for a moment.
Blink to where?
Press: ? - help, Dir - move target cursor You are very lightly contaminated with residual magic.
As you read the scroll labeled FIBED GOLUQ, it crumbles to dust.
It was a scroll of blinking.
As you read the scroll labeled RUOFYOKUAS, it crumbles to dust.
You feel strangely unstable.
It was a scroll of teleportation.
As you read the scroll labeled AHINIL JOEN, it crumbles to dust.
You assume a fearsome visage.
Nothing appears to happen.
It was a scroll of fear.
As you read the scroll labeled KISE KUOTHOGH, it crumbles to dust.
You hear a loud clanging noise!
It was a scroll of noise.
As you read the scroll labeled UDUORE HUUZOHI, it crumbles to dust.
You hear a burbling brook.
It was a scroll of random uselessness.
Are you sure you want to abandon this character and quit the game? (Confirm with "yes".)

#......#
#.#
#......#
#.#
########
#.# #.#
##########
#.#
#.#......#
#.#
#.#.####.#
#.# #.#.#
#.# #.#
#..@# #.#
#.# #####
#.####.#
#......#
######.#
###


There were no monsters in sight!

Vanquished Creatures
  A dart slug (D:1)
  A goblin (D:1)
  2 bats (D:1)
  A frilled lizard (D:1)
  3 rats (D:1)
8 creatures vanquished.

Notes
Turn   | Place    | Note
-------+----------+-------------------------------------------
     0 | D:1      | Kairos the Deep Dwarf Fighter began the quest for the Orb.
     0 | D:1      | Reached XP level 1. HP: 20/20 MP: 1/1
   399 | D:1      | Reached XP level 2. HP: 27/27 MP: 2/2
   435 | D:1      | Quit the game

Vault maps used:
D:1:      dpeg_arrival_windows_large_door, hangedman_abyss_or_decor_lesser_grid

Action                   || total
-------------------------++-------
Melee: War axe           ||    18
  Use: Scroll            ||     7
Armor: Scale mail        ||    12
Dodge: Dodged            ||     5
Block: Shield            ||     9

Table legend:
 A = Spawn XP
 B = Non-spawn XP
 C = Spawn XP percentage of total XP
 D = Spawn monster count
 E = Non-spawn monster count
 F = Spawn count percentage of total count
 G = Total turns spent on level
                    A         B        C        D         E        F      G
               +---------+---------+-------+---------+---------+-------+---------
         Total |       0 |      12 |   0.0 |       0 |       8 |   0.0 |   435
               +---------+---------+-------+---------+---------+-------+---------
           D:1 |       0 |      12 |   0.0 |       0 |       8 |   0.0 |   435
               +---------+---------+-------+---------+---------+-------+---------
